 Dungeon Crawl Stone Soup version 0.29.0-13-gc9e81de378 (webtiles) character file.

Game seed: 9273756643513711890

51 AbrileMaio the Covert (level 3, -2/18 HPs)
             Began as a Spriggan Brigand on Sept 8, 2022.
             Slain by a hobgoblin (3 damage)
             ... on level 3 of the Dungeon.
             The game lasted 00:04:21 (1049 turns).

AbrileMaio the Covert (Spriggan Brigand)            Turns: 1049, Time: 00:04:22

Health: -2/18      AC:  3    Str:  7    XL:     3   Next: 58%
Magic:  0/4        EV: 16    Int: 14    God:
Gold:   52         SH:  0    Dex: 16    Spells: 2/2 levels left

rFire   . . .      SeeInvis +   a - +2 dagger
rCold   . . .      Faith    .   (no shield)
rNeg    . . .      Spirit   +   b - +0 robe
rPois   .          Reflect  .   (helmet restricted)
rElec   .          Harm     .   c - +0 cloak
rCorr   .          Rampage  .   (gloves unavailable)
Will    .....                   (boots unavailable)
Stlth   ++++......              l - amulet of guardian spirit
HPRegen 0.06/turn               (no ring)
MPRegen 0.09/turn               (no ring)

@: very quick
A: very small, no large weapons, unfitting armour, see invisible, speed 3
a: no special abilities


You were on level 3 of the Dungeon.
You visited 1 branch of the dungeon, and saw 4 of its levels.

You collected 52 gold pieces.

Inventory:

Hand Weapons
 a - a +2 dagger (weapon)
Missiles
 d - 9 poisoned darts (quivered)
 e - 3 curare-tipped darts
 k - 11 stones
Armour
 b - a +0 robe (worn)
 c - a +0 cloak (worn)
Jewellery
 l - an amulet of guardian spirit (around neck)
 n - a ring of ice
Scrolls
 m - 2 scrolls of blinking
Potions
 g - a potion of berserk rage {unknown}
 h - a potion of curing {unknown}
 i - a potion of degeneration {unknown}


   Skills:
 - Level 1.5 Fighting
 - Level 2.1 Short Blades
 - Level 2.0 Throwing
 - Level 1.3 Dodging
 + Level 8.1 Stealth


You had 2 spell levels left.
You didn't know any spells.
Your spell library contained the following spells:

 Spells                   Type           Power      Damage    Failure   Level
 Freeze                   Ice            0%         1d3       28%         1
 Summon Small Mammal      Summ           0%         N/A       28%         1
 Call Canine Familiar     Summ           0%         N/A       65%         3
 Frozen Ramparts          Ice            0%         1d1       65%         3
 Summon Guardian Golem    Hex/Summ       0%         N/A       65%         3
 Hailstorm                Conj/Ice       0%         3d3       96%         4


Dungeon Overview and Level Annotations

Branches:
Dungeon (4/15)
 Temple: D:4-7

Altars:
Trog


Innate Abilities, Weirdness & Mutations

You are very small and have problems with some larger weapons.
You are too small for most types of armour.
You have supernaturally acute eyesight. (SInv)
You cover ground extremely quickly. (Speed+++)


Message History

The quokka is heavily wounded.
The quokka bites you.
* * * LOW HITPOINT WARNING * * *
You hit the quokka.
You kill the quokka!
The hobgoblin hits you.
* * * LOW HITPOINT WARNING * * *
You see here a quokka corpse.
The hobgoblin closely misses you. The goblin closely misses you.
There is a stone staircase leading up here.
The goblin closely misses you.
The hobgoblin hits you but does no damage.
The hobgoblin barely misses you.
You climb upwards.
You hear the sound of rushing water.
There is an entrance to a sewer on this level.
Hurry and find it before the portal rusts away!
You hear the brisk rusting of a very distant drain.
Found a fizzy pink potion.
There is a stone staircase leading down here.
You closely miss the goblin. You hit the goblin.
You kill the goblin!
You closely miss the hobgoblin. The hobgoblin hits you.
* * * LOW HITPOINT WARNING * * *
You hit the hobgoblin.
The hobgoblin is severely wounded.
The hobgoblin closely misses you. The hobgoblin barely misses you.
You hit the hobgoblin.
The hobgoblin is almost dead.
The hobgoblin misses you. The hobgoblin hits you.
You hit the hobgoblin.
You kill the hobgoblin!
The hobgoblin closely misses you.
You hit the hobgoblin.
The hobgoblin is lightly wounded.
The hobgoblin misses you.
You hit the hobgoblin.
The hobgoblin is almost dead.
The hobgoblin hits you.
You die... ## .# .. .# .# .# ##g#.!.+ #@)....# ########

You could see a hobgoblin.

Vanquished Creatures
  3 adders
  A worm (D:2)
  A dart slug (D:2)
  2 bats
  3 endoplasms
  3 goblins
  2 hobgoblins
  A quokka (D:4)
  3 ball pythons
  A kobold (D:2)
  A rat (D:2)
21 creatures vanquished.

Notes
Turn   | Place    | Note
-------+----------+-------------------------------------------
     0 | D:1      | AbrileMaio the Spriggan Brigand began the quest for the
                  | Orb.
     0 | D:1      | Reached XP level 1. HP: 10/10 MP: 2/2
    35 | D:1      | Reached skill level 6 in Stealth
   343 | D:1      | You fall into a shaft and drop 1 floor!
   343 | D:2      | Found a faded altar of an unknown god.
   406 | D:2      | Reached XP level 2. HP: 14/14 MP: 3/3
   412 | D:2      | Reached skill level 7 in Stealth
   665 | D:3      | Reached XP level 3. HP: 18/18 MP: 4/4
   706 | D:4      | Found a bloodstained altar of Trog.
  1022 | D:4      | Reached skill level 8 in Stealth
  1049 | D:3      | Slain by a hobgoblin

Illustrated notes

Levels and vault maps discovered:
D:1:      saegor_arrival_simple_a, layout_basic
D:2:      layout_basic, ebering_ecumenical_altar_ruins, basic_altar,
          minmay_heptomino_l4
D:3:      minmay_roachtagon, layout_basic, pdpol_wu_jian_five_deadly_venoms,
          mainiacjoe_overflow_catwalk, serial_shops,
          nicolae_shop_bloodbath_and_beyond, portal_sewer_entry_f
D:4:      cheibrodos_quashed, layout_basic, mainiacjoe_overflow_six_doors_small,
          amethyst_killhole, grunt_decor_resistance

Skill      XL: |  1  2  3 |
---------------+----------+-----
Stealth        | 6 7 8 |  8.1
Fighting       | |  1.5
Short Blades   | |  2.1
Throwing       | |  2.0
Dodging        | |  1.3

Action                   || total
-------------------------++-------
Melee: Dagger            ||    60
       Punch             ||     1
  Use: Scroll            ||     2
 Stab: Sleeping          ||     6
Armor: Robe              ||     6
Dodge: Dodged            ||    35
